 Dungeon Crawl Stone Soup version 0.29.0-13-gc9e81de378 (webtiles) character file.

Game seed: 15469544296205835434

5 brightshaft the Magician (level 1, 0/16 HPs)
             Began as a Djinni Fire Elementalist on Sept 7, 2022.
             Slain by a quokka (3 damage)
             ... on level 1 of the Dungeon.
             The game lasted 00:00:48 (388 turns).

brightshaft the Magician (Djinni Fire Elementalist)  Turns: 388, Time: 00:00:48

Health: 0/16       AC:  2    Str:  7    XL:     1   Next: 88%
Gold:   11         EV: 12    Int: 16    God:
                   SH:  0    Dex: 13

rFire   + + .      SeeInvis .   f - +0 halberd
rCold   x . .      Faith    .   (shield currently unavailable)
rNeg    . . .      Spirit   .   a - +0 robe
rPois   ∞          Reflect  .   (no helmet)
rElec   .          Harm     .   (no cloak)
rCorr   .          Rampage  .   (no gloves)
Will    .....                   (boots unavailable)
Stlth   ++........              (no amulet)
HPRegen 0.05/turn               (no ring)
MPRegen 0.00/turn               (no ring)

@: flying
A: sickness immunity, fire resistance 2, cold vulnerability 1, float, innate
caster, HP casting, extra vitality 1
a: no special abilities


You were on level 1 of the Dungeon.
You visited 1 branch of the dungeon, and saw 1 of its levels.

You collected 11 gold pieces.

Inventory:

Hand Weapons
 f - a +0 halberd (weapon)
Armour
 a - a +0 robe (worn)
Scrolls
 b - a scroll of magic mapping {unknown}
 c - a scroll of fog {unknown}
 d - a scroll of enchant armour {unknown}
Potions
 e - a potion of brilliance {unknown}


   Skills:
 + Level 0.3 Fighting
 + Level 2.3 Dodging
 - Level 1.5 Stealth
 * Level 2.5 Spellcasting


You couldn't memorise any spells.
You knew the following spells:

 Your Spells              Type           Power      Damage    Failure   Level
a - Foxfire               Conj/Fire      40%        2x1d6     7%          1
b - Scorch                Fire           20%        2d6       11%         2
c - Conjure Flame         Conj/Fire      10%        6-21      21%         3
d - Inner Flame           Hex/Fire       10%        N/A       21%         3
e - Flame Wave            Conj/Fire      10%        2d6       56%         4
Your spell library was empty.

Dungeon Overview and Level Annotations

Branches:
Dungeon (1/15)

Altars:


Innate Abilities, Weirdness & Mutations

You are immune to sickness and miasma.
You are immune to poison.
Your flesh is very heat resistant. (rF++)
You are vulnerable to cold. (rC-)
You float through the air rather than walking.
You learn spells naturally, not from books.
Your magical power is your life essence.
You have superior vitality. (+4 MHP)


Message History

You see here a rat corpse.
A ball python is nearby!
A kobold comes into view. It is wielding a +0 club.
The kobold shouts!
The ball python hisses angrily.
A quokka comes into view.
You see here 14 gold pieces.
Casting: Foxfire (safe; 7% risk of failure)
Press: ? - help, Q - select action, (/) - cycle Dir - look around, f - activate You conjure some foxfire!
Casting: Foxfire (safe; 7% risk of failure)
Press: ? - help, Q - select action, (/) - cycle Dir - look around, f - activate You miscast Foxfire.
You are very lightly contaminated with residual magic.
Nothing appears to happen.
The foxfire hits the ball python.
The ball python is moderately wounded.
The foxfire hits the ball python.
You kill the ball python!
You reach to attack!
You hit the kobold.
You kill the kobold!
You barely miss the quokka. The quokka bites you. x2
* * * LOW HITPOINT WARNING * * *
You are too injured to fight recklessly!
You are too injured to fight recklessly!
You are too injured to fight recklessly!
Casting: Foxfire (safe; 7% risk of failure)
Press: ? - help, Q - select action, (/) - cycle Dir - look around, f - activate You conjure some foxfire!
* * * LOW HITPOINT WARNING * * *
The quokka closely misses you.
The foxfire hits the quokka.
The quokka is heavily wounded.
The foxfire hits the quokka.
The quokka is almost dead.
The quokka twitches its whiskers.
Your magical contamination has completely faded away.
You closely miss the quokka.
The quokka is severely wounded.
The quokka closely misses you. The quokka bites you.
You die...

#....## #. ##.#.)##
#.. #.....## #..#
###.#..### #..#
#......## ...#
###..#..### ...#
##......#####+#####.
.#.
###......†§..)†....
# ###.....@r.......
##############.


You could see a quokka.

Vanquished Creatures
  A quokka (D:1)
  3 ball pythons (D:1)
  2 kobolds (D:1)
  A rat (D:1)
7 creatures vanquished.

Vanquished Creatures (others)
  16 foxfires (D:1)
16 creatures vanquished.

Grand Total: 23 creatures vanquished

Notes
Turn   | Place    | Note
-------+----------+-------------------------------------------
     0 | D:1      | brightshaft the Djinni Fire Elementalist began the quest
                  | for the Orb.
     0 | D:1      | brightshaft set off with the following spells memorised:
                  | Foxfire, Scorch, Conjure Flame, Inner Flame, Flame Wave.
     0 | D:1      | Reached XP level 1. HP: 15/15 MP: 0/0
   388 | D:1      | Slain by a quokka

Illustrated notes

Levels and vault maps discovered:
D:1:      arrival_zaba_pyramid, layout_basic

Action                   || total
-------------------------++-------
Melee: Halberd           ||     8
       Hand axe          ||     1
 Cast: Foxfire           ||     8
Armor: Robe              ||     2
Dodge: Dodged            ||     8
